 Dungeon Crawl Stone Soup version 0.31-a0-1549-g5ff9445e89 (webtiles) character file.

Game seed: 16928977810293239937

127652 Lobster4 the Cloud Mage (level 17, -3/92 HPs)
             Began as a Tengu Air Elementalist on Jan 2, 2024.
             Was the Champion of Vehumet.
             Constricted to death by a shambling mangrove (5 damage)
             ... on level 2 of the Swamp.
             The game lasted 01:56:16 (39363 turns).

Lobster4 the Cloud Mage (Tengu Air Elementalist)   Turns: 39363, Time: 01:56:16

Health: -3/92      AC: 18    Str: 10    XL:     17   Next: 1%
Magic:  13/33      EV: 12    Int: 32    God:    Vehumet [******]
Gold:   1923       SH:  0    Dex: 18    Spells: 4/39 levels left

rFire   + + +        b - +10 rapier "Wiemosch" {venom, rElec Int+5 Dex+2 Stlth-}
rCold   + . .        s - orb {*channel}
rNeg    . . .        o - +0 scale mail "Ravak" {rPois rF+++ Slay-3 Stlth-}
rPois   +            r - +2 hat
rElec   +            S - scarf {rC+ rF+}
rCorr   .            p - +2 pair of gloves
SInv    .            (boots unavailable)
Will    +....        k - amulet of regeneration Stlth
                     T - +6 ring of intelligence
HPRegen 1.15/turn    t - +4 ring of protection
MPRegen 0.23/turn

%: acrobat, channel magic (20%)
@: swift, about to teleport, grasped by roots, flying, constricted, quick
A: beak, talons 3, evasive flight, acrobatic
a: Renounce Religion


You were on level 2 of the Swamp.
You worshipped Vehumet.
Vehumet was exalted by your worship.
You visited 5 branches of the dungeon, and saw 25 of its levels.
You also visited: Sewer, Ossuary and Ice Cave.

You collected 3077 gold pieces.
You spent 1154 gold pieces at shops.

Inventory:

Hand Weapons
 a - the +10 mace "Poreujur" {flame, Int+6 Stlth-}
   (You found it on level 6 of the Dungeon)

   Int+6:     It affects your intelligence (+6).
   Stlth-:    It makes you less stealthy.
 b - the +10 rapier "Wiemosch" (weapon) {venom, rElec Int+5 Dex+2 Stlth-}
   (You found it on level 4 of the Lair of Beasts)

   Int+5:     It affects your intelligence (+5).
   Dex+2:     It affects your dexterity (+2).
   rElec:     It insulates you from electricity.
   Stlth-:    It makes you less stealthy.
Missiles
 B - 5 throwing nets (quivered)
Armour
 c - a +1 leather armour of resistance
 o - the +0 scale mail "Ravak" (worn) {rPois rF+++ Slay-3 Stlth-}
   (You bought it in a shop on level 7 of the Dungeon)

   Slay-3:    It affects your accuracy & damage with ranged weapons and melee
   (-3).
   rF+++:     It renders you almost immune to fire.
   rPois:     It protects you from poison Stlth-: It makes you less stealthy.
 p - a +2 pair of gloves (worn)
 r - a +2 hat (worn)
 s - an orb of energy (worn)
 S - a scarf of resistance (worn)
Magical Staves
 V - a staff of air
Jewellery
 k - an amulet of regeneration (around neck)
 t - a +4 ring of protection (right hand)
 O - a ring of willpower
 T - a +6 ring of intelligence (left hand)
 Y - a ring of willpower
 Z - the ring of Yvymnofe {Wiz rF+ Dex+3}
   (You found it on level 3 of the Lair of Beasts)

   [ring of wizardry]

   Wiz:       It improves your spell success rate.
   Dex+3:     It affects your dexterity (+3).
   rF+:       It protects you from fire.
Wands
 z - a wand of flame (44)
 C - a wand of mindburst (7)
 E - a wand of digging (11)
 G - a wand of polymorph (17)
 I - a wand of light (25)
 W - a wand of iceblast (14)
Scrolls
 e - 2 scrolls of immolation
 f - 4 scrolls of enchant weapon
 j - 8 scrolls of teleportation
 m - 4 scrolls of enchant armour
 y - 6 scrolls of identify
 A - a scroll of fog
 X - 3 scrolls of revelation
Potions
 d - a potion of attraction
 g - 4 potions of resistance
 h - 6 potions of haste
 i - 10 potions of curing
 l - a potion of mutation
 n - 3 potions of enlightenment
 u - 5 potions of brilliance
 v - 2 potions of cancellation
 x - 4 potions of invisibility
 D - 3 potions of lignification
 H - 4 potions of heal wounds
 L - 2 potions of ambrosia
 Q - 6 potions of might
 R - 4 potions of berserk rage
Miscellaneous
 w - a phial of floods


   Skills:
 + Level 5.4 Fighting
 + Level 4.6 Short Blades
 - Level 8.1 Maces & Flails
 - Level 1.0 Throwing
 - Level 12.0 Armour
 - Level 5.0 Dodging
 - Level 2.0 Stealth
 + Level 3.5 Shields
 + Level 11.7 Spellcasting
 - Level 10.0 Conjurations
 - Level 5.0 Fire Magic
 + Level 25.1 Air Magic
 - Level 5.0 Alchemy
 - Level 3.0 Evocations


You had 4 spell levels left.
You knew the following spells:

 Your Spells              Type           Power      Damage    Failure   Level
a - Shock                 Conj/Air       100%       1d9       1%          1
b - Static Discharge      Conj/Air       100%       3-8/arc   1%          2
c - Foxfire               Conj/Fire      100%       2x1d9     1%          1
d - Airstrike             Air            54%        2d(8-24)  1%          4
e - Mercury Vapours       Alch/Air       100%       N/A       1%          2
f - Sticky Flame          Fire/Alch      50%        2d9       9%          4
g - Summon Lightning Spi  Summ/Air       78%        N/A       4%          4
h - Arcjolt               Conj/Air       46%        1d56      1%          5
i - Conjure Ball Lightni  Conj/Air       46%        3x3d16    1%          6
m - Mephitic Cloud        Conj/Alch/Air  81%        N/A       1%          3
s - Swiftness             Air            100%       N/A       1%          3

Your spell library contained the following spells:

 Spells                   Type           Power      Damage    Failure   Level
 Plasma Beam              Fire/Air       43%        2x1d57    3%          6
 Magic Dart               Conj           100%       1d8       1%          1
 Searing Ray              Conj           100%       2d8       1%          2
 Cigotuvi's Dreadful Rot  Necr/Alch/Air  100%       N/A       2%          2
 Dazzling Flash           Conj/Hex       100%       N/A       3%          3
 Hailstorm                Conj/Ice       50%        3d10      3%          3
 Fulminant Prism          Conj/Alch      30%        3d15      4%          4
 Vhi's Electric Charge    Tloc/Air       100%       N/A       4%          4
 Inner Flame              Hex/Fire       34%        N/A       8%          3
 Volatile Blastmotes      Fire/Tloc      68%        2d15      8%          3
 Ignite Poison            Fire/Alch      50%        N/A       9%          4
 Iskenderun's Mystic Bla  Conj/Tloc      50%        2d11      9%          4
 Summon Small Mammal      Summ           72%        N/A       26%         1
 Jinxbite                 Hex            36%        N/A       34%         2
 Lesser Beckoning         Tloc           36%        N/A       34%         2
 Call Canine Familiar     Summ           18%        N/A       54%         3
 Gell's Gravitas          Tloc           18%        N/A       54%         3
 Sigil of Binding         Hex            18%        N/A       54%         3
 Summon Ice Beast         Ice/Summ       18%        N/A       54%         3
 Teleport Other           Tloc           18%        N/A       54%         3
 Tukima's Dance           Hex            18%        N/A       54%         3
 Leda's Liquefaction      Alch/Erth      17%        N/A       58%         4
 Petrify                  Alch/Erth      34%        N/A       58%         4
 Anguish                  Hex/Necr       9%         N/A       87%         4
 Animate Armour           Summ/Erth      36%        N/A       87%         4
 Animate Dead             Necr           18%        N/A       87%         4
 Cause Fear               Hex            9%         N/A       87%         4
 Dimensional Bullseye     Hex/Tloc       9%         N/A       87%         4
 Passage of Golubria      Tloc           18%        N/A       87%         4
 Freezing Cloud           Conj/Ice/Air   38%        6-21      2%          5
 Maxwell's Capacitive Co  Air            54%        ∞         2%          8
 Silence                  Hex/Air        39%        N/A       7%          5
 Yara's Violent Unravell  Hex/Alch       17%        3d8       41%         5
 Lee's Rapid Deconstruct  Erth           9%         3d7*      71%         5
 Curse of Agony           Necr           18%        N/A       99%         5
 Metabolic Englaciation   Hex/Ice        9%         N/A       99%         5
 Summon Forest            Summ/Tloc      9%         N/A       99%         5
 Death Channel            Necr           9%         N/A       100%        6
 Dispersal                Tloc           9%         N/A       100%        6
 Sculpt Simulacrum        Ice/Alch       17%        N/A       100%        6
 Enfeeble                 Hex            9%         N/A       100%        7
 Haunt                    Necr/Summ      9%         N/A       100%        7
 Ozocubu's Refrigeration  Ice            9%         4d9       100%        7
 Infestation              Necr           9%         N/A       100%        8
 Fire Storm               Conj/Fire      30%        8d8       100%        9


Dungeon Overview and Level Annotations

Branches:
Dungeon (15/15)            Temple (1/1) D:4            Lair (5/5) D:9
  Swamp (2/4) Lair:2        Snake (0/4) Lair:2        Slime (0/5) Lair:4
    Orc (2/2) D:12            Elf (0/3) Orc:2        Vaults (0/5) D:14
  Sewer (visited)         Ossuary (visited)           IceCv (visited)
 Depths: D:15

Altars:
Ashenzari
Cheibriados
Dithmenos
Elyvilon
Fedhas
Gozag
Hepliaklqana
Kikubaaqudgha
Makhleb
Nemelex Xobeh
Okawaru
Qazlal
Ru
Sif Muna
Trog
Uskayaw
Vehumet
Wu Jian
Xom
Yredelemnul
Zin
The Shining One
Jiyva

Shops:
D:6 :   D:7 [   D:10 !   D:13 ?   D:14 !   Orc:2 :?:[!

Annotations:
D:11 exclusion: obsidian statue
D:15 Jorgrun
Orc:1 3 runed translucent doors, gummybears's ghost, journeyman MiFi


Innate Abilities, Weirdness & Mutations

You have a beak for a mouth.
You have claws for feet.
Your magical flight helps you evade attacks. (EV +4)
You can magically evade attacks while moving or waiting.


Message History

The vampire mosquito barely misses you.
As you read the scroll of teleportation, it crumbles to dust.
You feel strangely unstable.
The vampire mosquito bites you but does no damage. x3
The vampire mosquito barely misses you.
Roots burst forth from the earth!
The grasping roots grab you! The grasping roots constrict you.
You escape the roots grasp.
The vampire mosquito misses you. The vampire mosquito barely misses you.
The bog body points at you and mumbles some strange words.
You resist with some effort.
Your surroundings suddenly seem different.
Okay, then.
Unknown command.
Casting: Airstrike (safe; 1% risk of failure)
Confirm with . or Enter, or press ? or * to list all spells.
You feel quick.
The spriggan rider throws a curare-tipped dart.
The curare-tipped dart hits you. You resist.
The will-o-the-wisp blinks!
The spriggan rider seems to regain its courage.
Roots burst forth from the earth!
The grasping roots grab you! The grasping roots constrict you!
You escape the roots grasp.
The spriggan rider closely misses you.
The spriggan rider hits you from afar with a +0 spear!
The will-o-the-wisp gestures.
The will-o-the-wisp conjures some marshlight! 2 foxfires come into view.
As you read the scroll of teleportation, it crumbles to dust.
You feel strangely unstable. The foxfire hits you! You resist.
* * * LOW HITPOINT WARNING * * *
The spriggan rider hits you from afar with a +0 spear!!
* * * LOW HITPOINT WARNING * * *
The spriggan rider completely misses you.
The will-o-the-wisp blinks!
The foxfire hits you. You resist.
* * * LOW HITPOINT WARNING * * *
Roots burst forth from the earth!
The grasping roots grab you! The grasping roots constrict you.
You die...

n.~~♣♣♣♣♣♣♣♣♣~.....~..
.~~~~.♣♣.~..~..~.....
.~$~~~..~~~..~~.....~
....~yy.~~~..~.....!D
.l♣♣§....~~~f~>.~....
.~.~~....♣♣♣y.§wi♣♣♣♣
§~~..~~~~....§i§~§♣
~§~§~~~~~~~.~§i~D~♣
♣♣)~~§§.§~~~~~§§@.♣
♣~~~~~~~~~~~~§~..♣
~.~~~§~~~~~~~~~.v♣
♣♣♣♣♣(~..§~§~~~~.♣♣
♣♣...."~~.♣
♣..~...~~.♣
♣~...~~/~~♣♣♣♣
♣~~~~...~~~~.♣
♣..~~~~~..~~~.♣


You could see a shambling mangrove, a swamp dragon, a tyrant leech, 3 spriggan
riders, a will-o-the-wisp and a vampire mosquito.

Vanquished Creatures
  Rupert (D:14)
  Gastronok (D:9)
  A tengu reaver (D:12)
  2 eleionomae
  Nessos (D:13)
  3 bunyips
  A dire elephant (Lair:5)
  Snorg (Lair:5)
  A fire dragon (Lair:5)
  9 hydras
  A vault guard (D:14)
  Erica (D:9)
  Erolcha (Orc:2)
  2 catoblepae
  2 ogre magi
  5 centaur warriors
  7 two-headed ogres
  4 alligators
  8 boulder beetles
  A ghost crab (Swamp:2)
  A deep troll earth mage (D:12)
  2 occultists
  An orc high priest (Orc:1)
  Urug (D:12)
  A deep elf knight (D:14)
  Nergalle (Lair:1)
  Sonja (Lair:5)
  8 spriggans
  Amaemon (Lair:1)
  A skyshark (Lair:3)
  A skeletal warrior (D:14)
  2 goliath frogs (Swamp:1)
  A lindwurm (Lair:5)
  A swamp dragon (Swamp:1)
  An arcanist (D:13)
  4 orc knights
  A bog body (Swamp:1)
  Pikel (D:7)
  A deep elf zephyrmancer (D:12)
  A necromancer (IceCv)
  5 deep elf pyromancers
  7 ugly things
  3 cyclopes
  11 orc sorcerers
  2 will-o-the-wisps (Swamp:1)
  8 manticores
  10 elephants
  A meliai (shapeshifter) (D:13)
  3 kobold blastminers
  3 molten gargoyles (Lair:5)
  6 orange demons
  A torpor snail (Lair:2)
  An ice statue (IceCv)
  8 black mambas
  15 cane toads
  An unseen horror (D:11)
  4 efreet
  Maggie (D:7)
  A rime drake (Lair:3)
  7 komodo dragons
  4 kobold demonologists (D:12)
  3 freezing wraiths (IceCv)
  10 ice devils (IceCv)
  An anaconda simulacrum (IceCv)
  9 tengu conjurers
  A tyrant leech (Swamp:2)
  9 hornets
  A polar bear (Lair:1)
  9 blink frogs
  10 trolls
  3 dream sheep (Lair:2)
  12 slime creatures
  3 shadows
  Sigmund (D:4)
  2 vampires
  5 wyverns
  2 dire elephant simulacra (IceCv)
  71 yaks
  10 basilisks
  4 wargs
  Grum (Lair:1)
  5 death yak simulacra (IceCv)
  A redback (shapeshifter) (D:14)
  13 vampire mosquitoes
  3 steam dragons
  A harpy simulacrum (IceCv)
  19 water moccasins
  6 swamp worms
  An acid dragon (D:11)
  A hydra simulacrum (IceCv)
  Edmund (D:4)
  3 hell hounds (Lair:5)
  3 ice beasts
  18 orc warriors
  A black bear (Lair:2)
  A swamp drake (D:12)
  A sky beast (D:7)
  9 ogres
  10 centaurs
  9 wolves
  3 elf zombies (Ossuary)
  A phantom (D:5)
  2 brain worms (Sewer)
  17 bullfrogs
  3 gnoll sergeants
  6 scorpions
  2 two-headed ogre simulacra
  3 cane toad simulacra (IceCv)
  A burial acolyte (Ossuary)
  10 wights
  14 killer bees
  2 elephant simulacra
  5 howler monkeys
  4 electric eels
  5 lava snakes (Lair:5)
  3 bombardier beetles
  2 centaur zombies (Ossuary)
  A human zombie (Ossuary)
  14 orc priests
  4 hounds
  A gnoll bouda (D:4)
  5 jellies
  6 iguanas
  A sleepcap (D:5)
  36 orc wizards
  7 polar bear simulacra (IceCv)
  2 spriggan simulacra (Orc:1)
  4 troll simulacra
  6 wolf simulacra
  2 crocodile zombies (Ossuary)
  2 hound zombies (Ossuary)
  3 mummies (Ossuary)
  A naga simulacrum (IceCv)
  18 gnolls
  16 adders
  3 river rats (Sewer)
  2 shadow imps
  2 white imps
  2 adder zombies (Ossuary)
  2 dart slugs (D:1)
  2 ribbon worms (D:2)
  56 orcs
  4 endoplasms
  3 giant cockroaches
  A gnoll zombie (Ossuary)
  8 hobgoblins
  5 jackals (D:1)
  5 kobolds
  2 quokkas
  11 ball pythons
  6 ball python zombies (Ossuary)
  6 bats
  11 frilled lizards
  7 goblins
  5 jackal zombies (Ossuary)
  2 kobold zombies (Ossuary)
  19 rats
  A foxfire (IceCv)
837 creatures vanquished.

Vanquished Creatures (collateral kills)
  An ice devil (IceCv)
  A dire elephant simulacrum (IceCv)
  A harpy simulacrum (IceCv)
  A cane toad simulacrum (IceCv)
  A scorpion (Orc:1)
  A bombardier beetle (D:6)
6 creatures vanquished.

Vanquished Creatures (others)
  22 ball lightnings
  17 foxfires
39 creatures vanquished.

Grand Total: 882 creatures vanquished

Notes
Turn   | Place    | Note
-------+----------+-------------------------------------------
     0 | D:1      | Lobster4 the Tengu Air Elementalist began the quest for the
                  | Orb.
     0 | D:1      | Reached XP level 1. HP: 10/10 MP: 4/4
   120 | D:1      | Reached XP level 2. HP: 15/15 MP: 1/6
   364 | D:1      | Found a faded altar of an unknown god.
   372 | D:1      | Learned a level 2 spell: Static Discharge
   596 | D:1      | Reached skill level 1 in Throwing
   596 | D:1      | Reached XP level 3. HP: 19/19 MP: 5/7
   622 | D:1      | Reached skill level 5 in Air Magic
  1278 | D:1      | Learned a level 3 spell: Swiftness
  1569 | D:2      | Reached skill level 1 in Armour
  1574 | D:2      | Reached XP level 4. HP: 20/24 MP: 0/8
  2030 | D:2      | Reached skill level 6 in Air Magic
  2306 | D:2      | Found an ancient bone altar of Kikubaaqudgha.
  2693 | D:3      | Reached XP level 5. HP: 28/28 MP: 5/9
  2778 | D:3      | Found a glowing drain.
  2790 | Sewer    | Entered a sewer
  2962 | Sewer    | Reached skill level 7 in Air Magic
  3064 | Sewer    | Reached XP level 6. HP: 32/32 MP: 2/10
  3263 | Sewer    | Reached skill level 8 in Air Magic
  4437 | D:4      | Reached skill level 1 in Fighting
  4437 | D:4      | Reached skill level 9 in Air Magic
  4834 | D:4      | Gained mutation: Your magical flight helps you evade
                  | attacks. (EV +4) [Tengu growth]
  4834 | D:4      | Reached XP level 7. HP: 38/38 MP: 5/11
  5047 | D:4      | Reached skill level 10 in Air Magic
  5087 | D:4      | Found a staircase to the Ecumenical Temple.
  5093 | Temple   | Entered the Ecumenical Temple
  5099 | Temple   | Became a worshipper of Vehumet
  5130 | D:4      | Noticed Edmund
  5166 | D:4      | Killed Edmund
  5308 | D:4      | Learned a level 4 spell: Airstrike
  5390 | D:4      | Noticed Sigmund
  5392 | D:4      | Killed Sigmund
  5393 | D:4      | Reached XP level 8. HP: 43/43 MP: 3/13
  5511 | D:4      | Found a sacrificial altar of Ru.
  5544 | D:4      | Reached skill level 11 in Air Magic
  5987 | D:5      | Entered Level 5 of the Dungeon
  6239 | D:5      | Reached skill level 12 in Air Magic
  7176 | D:5      | Reached skill level 13 in Air Magic
  7367 | D:6      | Reached XP level 9. HP: 39/47 MP: 4/14
  7419 | D:6      | Identified the +10 mace "Poreujur" {flame, Int+6 Stlth-}
  7466 | D:6      | Reached skill level 14 in Air Magic
  7484 | D:6      | Reached skill level 1 in Maces & Flails
  7484 | D:6      | Reached skill level 1 in Evocations
  7491 | D:6      | Found a sand-covered staircase.
  7558 | Ossuary  | Entered an ossuary
  7639 | Ossuary  | Reached * piety under Vehumet
  7639 | Ossuary  | Offered knowledge of Foxfire by Vehumet.
  7642 | Ossuary  | Learned a level 1 spell: Foxfire
  7838 | Ossuary  | Reached skill level 1 in Fire Magic
  8643 | D:6      | Offered knowledge of Freeze by Vehumet.
  8794 | D:6      | Reached ** piety under Vehumet
  9172 | D:6      | Found Pirahapn's Book Shop.
  9360 | D:7      | Found a snail-covered altar of Cheibriados.
  9375 | D:7      | Noticed Maggie
  9379 | D:7      | Killed Maggie
  9381 | D:7      | Noticed Pikel
  9459 | D:7      | Reached skill level 15 in Air Magic
  9683 | D:7      | Found Meja's Antique Armour Shop.
  9751 | D:7      | Killed Pikel
  9752 | D:7      | Reached XP level 10. HP: 45/53 MP: 2/16
 10353 | D:7      | Identified the beast talisman "Titeiv" {rN+}
 11273 | D:8      | Reached skill level 5 in Conjurations
 11531 | D:8      | Identified the +1 whip "Hoabuuc" {spect, Dex+2}
 11913 | D:8      | Offered knowledge of Mercury Vapours by Vehumet.
 11922 | D:8      | Learned a level 2 spell: Mercury Vapours
 12127 | D:9      | Noticed Erica
 12296 | D:8      | Reached skill level 5 in Maces & Flails
 12296 | D:8      | Reached skill level 5 in Armour
 12297 | D:8      | Reached skill level 16 in Air Magic
 12297 | D:8      | Reached skill level 1 in Alchemy
 12297 | D:8      | Reached XP level 11. HP: 14/60 MP: 13/18
 12704 | D:9      | Reached *** piety under Vehumet
 12961 | D:9      | Found a burning altar of Makhleb.
 13017 | D:9      | Found a staircase to the Lair.
 13026 | D:9      | Identified the +0 robe of the Pits of Slime {Int+3}
 13495 | D:9      | Killed Erica
 13542 | D:9      | Found a glowing silver altar of Zin.
 13543 | D:9      | Noticed a two-headed ogre
 13560 | D:9      | Killed a two-headed ogre
 13644 | D:9      | Noticed a two-headed ogre
 13653 | D:9      | Killed a two-headed ogre
 14038 | D:9      | Noticed Gastronok
 14062 | D:9      | Killed Gastronok
 14063 | D:9      | Reached skill level 17 in Air Magic
 14411 | D:9      | Identified the +2 pair of gloves of the Earth {Rampage rN+
                  | Str+4 Dex-3}
 14563 | D:10     | Entered Level 10 of the Dungeon
 14785 | D:10     | Offered knowledge of Mephitic Cloud by Vehumet.
 14786 | D:10     | Reached XP level 12. HP: 31/64 MP: 13/19
 14790 | D:10     | Learned a level 3 spell: Mephitic Cloud
 15355 | D:10     | Found Seoril's Distillery.
 15360 | D:10     | Bought a potion of degeneration for 11 gold pieces
 15363 | D:10     | Bought a potion of berserk rage for 55 gold pieces
 16705 | D:11     | Reached skill level 18 in Air Magic
 16761 | D:11     | Noticed a boulder beetle
 16771 | D:11     | Killed a boulder beetle
 16905 | D:11     | Noticed a two-headed ogre
 16919 | D:11     | Killed a two-headed ogre
 16989 | D:11     | Noticed a boulder beetle
 16998 | D:11     | Killed a boulder beetle
 17438 | D:12     | Noticed Urug
 17448 | D:12     | Killed Urug
 17449 | D:12     | Reached skill level 10 in Armour
 17449 | D:12     | Reached skill level 5 in Spellcasting
 17510 | D:12     | Noticed a boulder beetle
 17519 | D:12     | Killed a boulder beetle
 18113 | D:12     | Reached **** piety under Vehumet
 18371 | D:12     | Found a staircase to the Orcish Mines.
 18560 | D:12     | Reached skill level 19 in Air Magic
 18658 | D:12     | Reached XP level 13. HP: 68/68 MP: 22/23
 18678 | D:12     | Offered knowledge of Frozen Ramparts by Vehumet.
 18911 | D:12     | Got the Anthology of Incineration and Aeromancy
 18937 | D:12     | Found a shimmering blue altar of Sif Muna.
 18945 | D:12     | Paralysed by an orc sorcerer for 2 turns
 19029 | D:12     | Noticed a tengu reaver
 19077 | D:12     | Reached skill level 20 in Air Magic
 19213 | D:12     | Killed a tengu reaver
 19440 | D:12     | Identified the +1 chain mail of the Solstice {Dex+4}
 19483 | D:12     | Got the Grimoire of the Adder
 19485 | D:12     | Got Sif Muna's Atlas of the Gathering
 19503 | D:12     | Got the Spellbook of Malevolent Secrets and Reformation
 19624 | D:13     | Learned a level 4 spell: Sticky Flame
 19640 | D:13     | Noticed Nessos
 19646 | D:13     | Killed Nessos
 20084 | D:13     | Found Bighaim's Magic Scroll Shoppe.
 20092 | D:13     | Bought a scroll of immolation for 60 gold pieces
 20107 | D:13     | Bought a scroll of blinking for 112 gold pieces
 20107 | D:13     | Bought a scroll of summoning for 142 gold pieces
 21103 | D:14     | Found Urub's Distillery.
 21111 | D:14     | Bought a potion of heal wounds for 65 gold pieces
 21111 | D:14     | Bought a potion of heal wounds for 65 gold pieces
 21384 | D:14     | Reached skill level 21 in Air Magic
 21628 | D:14     | Noticed Rupert
 21650 | D:14     | Killed Rupert
 21651 | D:14     | Reached XP level 14. HP: 75/76 MP: 12/25
 22294 | D:14     | Reached ***** piety under Vehumet
 22757 | D:14     | Offered knowledge of Conjure Ball Lightning by Vehumet.
 22765 | D:14     | Learned a level 6 spell: Conjure Ball Lightning
 22938 | D:14     | Reached skill level 10 in Conjurations
 23073 | D:14     | Found a gate to the Vaults.
 23181 | D:15     | Entered Level 15 of the Dungeon
 23843 | D:15     | Reached skill level 22 in Air Magic
 23955 | D:15     | Noticed Jorgrun
 24227 | Lair:1   | Entered Level 1 of the Lair of Beasts
 24290 | Lair:1   | Noticed Amaemon
 24299 | Lair:1   | Killed Amaemon
 24652 | Lair:1   | Noticed Grum
 24659 | Lair:1   | Killed Grum
 25216 | Lair:1   | Noticed Nergalle
 25220 | Lair:1   | Killed Nergalle
 25552 | Lair:1   | Learned a level 5 spell: Arcjolt
 26007 | Lair:2   | Identified a scroll of acquirement
 26007 | Lair:2   | Acquired 545 gold pieces
 26194 | Lair:2   | Reached XP level 15. HP: 80/80 MP: 26/29
 26502 | Lair:2   | Found a staircase to the Snake Pit.
 26561 | Lair:2   | Found a staircase to the Swamp.
 26821 | Lair:2   | Reached skill level 10 in Spellcasting
 26961 | Lair:1   | Reached skill level 23 in Air Magic
 27010 | Lair:1   | Offered knowledge of Irradiate by Vehumet.
 27886 | Lair:3   | Identified the ring of Yvymnofe {Wiz rF+ Dex+3}
 28767 | D:7      | Bought a glowing leather armour for 140 gold pieces
 28770 | D:7      | Bought a heavily runed scale mail for 252 gold pieces
 28770 | D:7      | Identified the +0 scale mail "Ravak" {rPois rF+++ Slay-3
                  | Stlth-} (You bought it in a shop on level 7 of the Dungeon)
 28782 | D:7      | Bought a shimmering scale mail for 252 gold pieces
 28782 | D:7      | Identified the +0 scale mail of the Onion {Dex+3} (You
                  | bought it in a shop on level 7 of the Dungeon)
 28920 | Lair:4   | Found a viscous altar of Jiyva.
 28940 | Lair:4   | Found a staircase to the Slime Pits.
 29109 | Lair:4   | Identified the +10 rapier "Wiemosch" {venom, rElec Int+5
                  | Dex+2 Stlth-}
 29885 | Lair:5   | Entered Level 5 of the Lair of Beasts
 30016 | Lair:5   | Reached skill level 1 in Short Blades
 30528 | Lair:5   | Reached skill level 24 in Air Magic
 30627 | Lair:5   | Reached skill level 5 in Dodging
 30774 | Lair:5   | Noticed Sonja
 30789 | Lair:5   | Killed Sonja
 30977 | Lair:5   | Noticed Snorg
 31143 | Lair:5   | Killed Snorg
 31161 | Lair:5   | Reached skill level 5 in Fire Magic
 31895 | Lair:5   | Found a large runed translucent door.
 31896 | Lair:5   | Found a large runed translucent door.
 32507 | Orc:1    | Entered Level 1 of the Orcish Mines
 32529 | Orc:1    | Reached XP level 16. HP: 80/84 MP: 15/31
 32665 | Orc:1    | Found a frozen archway.
 32758 | IceCv    | Entered an ice cave
 33150 | IceCv    | Offered knowledge of Spellforged Servitor by Vehumet.
 33200 | IceCv    | Learned a level 4 spell: Summon Lightning Spire
 33486 | IceCv    | Found an ancient bone altar of Kikubaaqudgha.
 34429 | IceCv    | Got the Teachings on Ghastly Glaciation
 34533 | Orc:1    | Upgraded the game from 0.31-a0-1540-g5a0b83f448 to
                  | 0.31-a0-1549-g5ff9445e89
 35129 | Orc:2    | Entered Level 2 of the Orcish Mines
 35516 | Orc:2    | Reached skill level 5 in Fighting
 35761 | Orc:2    | Reached ****** piety under Vehumet
 35844 | Orc:2    | Reached skill level 5 in Alchemy
 36143 | Orc:2    | Found Lydocvim's Book Shop.
 36364 | Orc:2    | Found a staircase to the Elven Halls.
 36456 | Orc:2    | Found Gufotura's Magic Scroll Emporium.
 36592 | Orc:1    | Found a runed translucent gate.
 36593 | Orc:1    | Found a runed translucent gate.
 36593 | Orc:1    | Found a runed translucent gate.
 36655 | Orc:1    | Noticed gummybears's ghost (journeyman MiFi)
 36816 | Orc:2    | Found an ancient bone altar of Kikubaaqudgha.
 36822 | Orc:2    | Offered knowledge of Plasma Beam by Vehumet.
 36888 | Orc:2    | Found Gosiun's Book Emporium.
 36890 | Orc:2    | Noticed Erolcha
 36892 | Orc:2    | Killed Erolcha
 37031 | Orc:2    | Found a radiant altar of Vehumet.
 37194 | Orc:2    | Found Unohadut's Antique Armour Shoppe.
 37209 | Orc:2    | Found Zarphiaf's Distillery.
 37842 | Swamp:1  | Entered Level 1 of the Swamp
 37910 | Swamp:1  | Reached skill level 1 in Shields
 38986 | Swamp:2  | Reached skill level 25 in Air Magic
 39350 | Swamp:2  | Reached XP level 17. HP: 32/92 MP: 17/33
 39363 | Swamp:2  | HP: 4/92 [spriggan rider/+0 spear (18)]
 39363 | Swamp:2  | Constricted to death by a shambling mangrove

Illustrated notes

Levels and vault maps discovered:
D:1:      evilmike_arrival_hilbert_curve, layout_loops_ring,
          ebering_ecumenical_altar_box, minmay_misc_feat_tiny, item_on_display_a
D:2:      layout_loops_ring, basic_altar, serial_park_tiny_1
D:3:      layout_basic, portal_sewer_entry_d
D:4:      layout_gridville, mainiacjoe_overflow_alcove_1,
          minmay_temple_entry_fiery, uniq_edmund, uniq_sigmund
D:5:      layout_loops_cross
D:6:      layout_basic, serial_shops, shop, enter_ossuary_1,
          minmay_misc_feat_four_crosses
D:7:      layout_loops_ring, cheibriados_altar_1, serial_shops,
          nicolae_shop_trees, nicolae_eternal_life, uniq_maggie, uniq_pikel
D:8:      layout_cave_pods, grunt_ministairs_6
D:9:      layout_layer_cave, mainiacjoe_overflow_24_doors, old_standard_altar,
          grunt_lair_entry_orc_guard_hut, minmay_alternating_orb, uniq_erica,
          uniq_gastronok
D:10:     layout_irregular_city, serial_shops, nicolae_shop_just_a_little_nook,
          serial_bayou_pond_c
D:11:     layout_roguey, grunt_decor_cap, minmay_protected_statue
D:12:     evilmike_library_of_no_secrets, layout_long_grid, erik_orc_1,
          gauntlet_entry_generic, minivault_11, uniq_urug
D:13:     layout_basic, serial_shops, nicolae_shop_tiny_statue_garden,
          serial_glass, glass_columns_a, glass_columns_a, glass_columns_b,
          glass_columns_b, glass_columns_a, glass_columns_b, glass_columns_a,
          glass_columns_b, uniq_nessos
D:14:     layout_cave_pods, david_vaults_5, serial_shops, nicolae_square_shop,
          uniq_rupert
D:15:     grunt_enter_depths_snipers, layout_rooms, abandoned_shop, uniq_jorgrun
Temple:   nicolae_temple_no_exploring_needed
Lair:1:   layout_cave_pods, serial_bayou_shore_a, uniq_amaemon, uniq_grum,
          uniq_nergalle
Lair:2:   layout_chaotic_city, swamp_mist, minmay_snake_entry_six_corridors,
          infiniplex_staircase_pool
Lair:3:   layout_hall_layers, serial_bayou_lagoon_b
Lair:4:   layout_regular_city, nicolae_slime_entry_field_trip
Lair:5:   cheibrodos_lair_end_hotspot, layout_misc_corridors,
          nicolae_lair_grazing_beasts [nicolae_sub_lair_graze_edge,
          nicolae_sub_lair_graze_edge, nicolae_sub_lair_graze_edge,
          nicolae_sub_lair_graze_edge], uniq_snorg, uniq_sonja
Swamp:1:  layout_basic_swamp, evilmike_swamp_ruin_house_2
Swamp:2:  cheibrodos_swamp_monstrosity, layout_basic_swamp,
          evilmike_swamp_ruin_rubble_2
Orc:1:    layout_diamond_mine, gammafunk_ghost_necromancy,
          portal_ice_cave_entry_ice_simulacra, einodemon_barbed_minivault
Orc:2:    kennysheep_orc_mage_school, layout_caves, serial_shops,
          nicolae_square_shop

Skill      XL: |  1  2  3  4  5  6  7  8  9 10 11 12 13 14 15 16 |
---------------+-------------------------------------------------+-----
Conjurations   | 2 3 6 7 8 10 | 10.0
Throwing       | 1 |  1.0
Air Magic      | 5 6 7 9 10 13 15 16 17 19 21 22 24 25 | 25.1
Armour         | 1 2 5 8 10 12 | 12.0
Fighting       | 1 3 4 5 |  5.4
Spellcasting   | 3 4 6 9 10 11 | 11.7
Maces & Flails | 3 5 6 7 8 |  8.1
Evocations     | 3 |  3.0
Fire Magic     | 3 4 5 |  5.0
Alchemy        | 1 3 4 5 |  5.0
Dodging        | 3 4 5 |  5.0
Short Blades   | 3 4 |  4.6
Shields        | 3 |  3.5
Stealth        | |  2.0

Action                     |  1- 3 |  4- 6 |  7- 9 | 10-12 | 13-15 | 16-18 || total
---------------------------+-------+-------+-------+-------+-------+-------++-------
  Melee: Whip              |     3 |       |       |       |       |       ||     3
         Kick              |     2 |       |     6 |    18 |    25 |    30 ||    81
         Dagger            |     2 |     6 |     2 |       |       |       ||    10
         Peck              |       |     1 |     2 |     5 |    19 |    19 ||    46
         Mace              |       |       |    14 |    53 |    38 |    47 ||   152
         Rapier            |       |       |       |       |    33 |    22 ||    55
  Throw: Dart              |       |       |     5 |       |       |       ||     5
   Cast: Shock             |    74 |   161 |   164 |   114 |    42 |    51 ||   606
         Static Discharge  |       |     2 |    11 |    25 |    19 |       ||    57
         Swiftness         |       |     1 |     1 |       |     1 |     3 ||     6
         Airstrike         |       |       |    66 |   221 |   574 |   326 ||  1187
         Mercury Vapours   |       |       |       |     9 |    25 |     5 ||    39
         Foxfire           |       |       |       |     1 |     3 |     5 ||     9
         Mephitic Cloud    |       |       |       |       |     6 |     6 ||    12
         Sticky Flame      |       |       |       |       |    11 |    12 ||    23
         Conjure Ball Ligh |       |       |       |       |     5 |     3 ||     8
         Arcjolt           |       |       |       |       |    15 |    15 ||    30
         Summon Lightning  |       |       |       |       |       |     4 ||     4
  Evoke: Wand              |       |       |       |       |       |     2 ||     2
    Use: Scroll            |       |     7 |     7 |     6 |    11 |     9 ||    40
         Potion            |       |       |       |     2 |     2 |     1 ||     5
   Stab: Sleeping          |       |     1 |       |       |       |       ||     1
         Confused          |       |       |       |       |       |     5 ||     5
 Armour: Robe              |     6 |    21 |    43 |   114 |   172 |       ||   356
         Scale mail        |       |       |       |       |    69 |   100 ||   169
         Leather armour    |       |       |       |       |       |    31 ||    31
  Dodge: Dodged            |     7 |    21 |    67 |   119 |   243 |   130 ||   587

Table legend: (Time is in decaauts)
 A = Elapsed time spent in this place.
 B = Non-inter-level travel time spent in this place.
 C = Inter-level travel time spent in this place.
 D = Time resting spent in this place.
 E = Time spent auto-exploring this place.
 F = Levels seen in this place.
 G = Mean time per level.
                   A        B        C        D        E       F      G
               +--------+--------+--------+--------+--------+-----+--------+
         Total |  39864 |  37475 |   2389 |   8960 |  21809 |  28 | 1423.7 |
       Dungeon |  23793 |  21997 |   1796 |   4471 |  13922 |  15 | 1586.2 |
        Temple |     12 |     12 |      0 |      0 |      0 |   1 |   12.0 |
          Lair |   8056 |   7630 |    426 |   1181 |   5356 |   5 | 1611.2 |
         Swamp |   1521 |   1494 |     27 |    450 |    804 |   2 |  760.5 |
  Orcish Mines |   2982 |   2843 |    139 |   1191 |    911 |   2 | 1491.0 |
         Sewer |    810 |    810 |      0 |    194 |    475 |   1 |  810.0 |
       Ossuary |    915 |    915 |      0 |    541 |     58 |   1 |  915.0 |
      Ice Cave |   1773 |   1773 |      0 |    931 |    283 |   1 | 1773.0 |
               +--------+--------+--------+--------+--------+-----+--------+

Top non-repeatable levels by time:
    D:14: 2690 daAuts
    D:12: 2490 daAuts
  Lair:5: 2329 daAuts
     D:9: 2294 daAuts
     D:8: 1976 daAuts
   Orc:2: 1868 daAuts
  Lair:1: 1845 daAuts
  Lair:2: 1798 daAuts
   IceCv: 1773 daAuts
     D:4: 1750 daAuts
    D:10: 1699 daAuts
     D:1: 1495 daAuts
    D:13: 1437 daAuts
     D:5: 1422 daAuts
    D:11: 1343 daAuts
